 Dungeon Crawl Stone Soup version 0.18-a0-1203-gbde16db (webtiles) character file.

1785 M4edhros the Covert (level 9, -13/53 HPs)
             Began as an Octopode Artificer on Jan 31, 2016.
             Mangled by an orc warrior
             ... wielding a +4 dire flail
              (17 damage)
             ... on level 8 of the Dungeon.
             The game lasted 00:07:46 (7172 turns).

M4edhros the Covert (Octopode Artificer)            Turns: 7172, Time: 00:07:46

Health: -13/53     AC:  1    Str: 11      XL:     9   Next: 8%
Magic:  14/14      EV: 15    Int: 17      God:    Xom [*.....]
Gold:   419        SH:  0    Dex: 11 (12) Spells: 0 memorised, 8 levels left

rFire  . . .     SeeInvis .     B - +2 dagger (venom)
rCold  . . .     Gourm    .     (no shield)
rNeg   . . .     Faith    .     (helmet restricted)
rPois  .         Spirit   .     (no amulet)
rElec  .         Dismiss  .     (no ring)
rCorr  .         Reflect  .     (no ring)
SustAt .         Harm     .     (no ring)
MR     .....                    (no ring)
Stlth  ++++++....               (no ring)
                                (no ring)
                                (no ring)
                                (no ring)

@: not resistant to hostile enchantments, very stealthy
A: almost no armour, amphibious, 8 rings, constrict 8, camouflage 1, gelatinous
body 1
a: Renounce Religion


You were on level 8 of the Dungeon.
You worshipped Xom.
You were a special plaything of Xom.
You were not hungry.

You visited 2 branches of the dungeon, and saw 9 of its levels.

You collected 419 gold pieces.

Inventory:

Hand Weapons
 a - a +0 short sword
 v - a +2 morningstar of protection
 B - a +2 dagger of venom (weapon)
Missiles
 q - 170 stones (quivered)
Jewellery
 y - a +3 ring of dexterity {unknown}
 G - a +2 ring of intelligence {unknown}
Wands
 b - a wand of flame (13/48)
 c - a wand of enslavement (12/24)
 d - a wand of random effects (5/48)
Scrolls
 g - 5 scrolls of remove curse {unknown}
 h - a scroll of fog {unknown}
 i - 7 scrolls of identify {unknown}
 l - 6 scrolls of fear {unknown}
 m - 3 scrolls of recharging {unknown}
 n - a scroll of holy word {unknown}
 o - a scroll of silence {unknown}
 r - 3 scrolls of enchant armour {unknown}
 s - 2 scrolls of amnesia {unknown}
 w - 2 scrolls of noise {unknown}
 A - 4 scrolls of teleportation {unknown}
 C - a scroll of blinking {unknown}
 D - a scroll of enchant weapon {unknown}
Potions
 e - a potion of curing
 j - 2 potions of brilliance {unknown}
 t - a potion of magic {unknown}
 u - a potion of haste {unknown}
 x - 2 potions of poison {unknown}
 z - a potion of heal wounds {unknown}
 E - a potion of agility {unknown}
 F - a potion of cure mutation {unknown}
 H - a potion of lignification {unknown}
 I - a potion of might {unknown}
Books
 p - a book of the Earth

   Spells                             Type                      Level
   a - Leda's Liquefaction            Hexes/Earth                  4
   b - Bolt of Magma                  Conjuration/Fire/Earth       5
   c - Statue Form                    Transmutation/Earth          6
   d - Iron Shot                      Conjuration/Earth            6
   e - Shatter                        Earth                        9
Comestibles
 f - 6 bread rations
 k - 2 meat rations


   Skills:
 - Level 1.0 Fighting
 - Level 1.0 Short Blades
 * Level 7.4 Dodging
 * Level 10.0 Stealth
 + Level 6.7 Evocations


You had 8 spell levels left.
You didn't know any spells.

Dungeon Overview and Level Annotations

Branches:
Dungeon (8/15)             Temple (1/1) D:5            Lair (0/8) D:8

Altars:
Ashenzari
Cheibriados
Dithmenos
Elyvilon
Gozag
Makhleb
Okawaru
Qazlal
Sif Muna
Trog
Vehumet
Xom
Zin

Shops:
D:8 :


Innate Abilities, Weirdness & Mutations

You cannot wear most types of armour.
You are amphibious.
You can wear up to eight rings at the same time.
You can use your tentacles to constrict eight enemies at once.
Your skin changes colour to match your surroundings (Stealth).
Your rubbery body absorbs attacks (AC +1).


Message History

You hit the orc warrior.
The orc warrior looks even sicker.
Your grab misses the orc warrior.
The orc warrior is lightly wounded.
The orc warrior hits you with an enchanted dire flail!
You hit the orc warrior but do no damage.
Your grab misses the orc warrior.
The orc warrior is lightly wounded.
The orc warrior hits you with an enchanted dire flail!
You barely miss the orc warrior. You grab the orc warrior.
The orc warrior is moderately wounded.
You constrict the orc warrior, but do no damage.
The orc warrior hits you with an enchanted dire flail!!
* * * LOW HITPOINT WARNING * * *
You are too injured to fight recklessly!
You hit the orc warrior but do no damage.
The orc warrior is moderately wounded.
You constrict the orc warrior.
The orc warrior hits you with an enchanted dire flail!
You die...
Xom howls with laughter!

#+#
#.#
#.#
#o#
#o#
#o#
#@#
#.#
#<#
###


You could see an orc warrior and 2 orcs.

Vanquished Creatures
  Sigmund (D:2)
  An orc warrior (D:7)
  A sky beast (D:3)
  An ogre (D:7)
  A necrophage (D:7)
  2 giant frogs (D:7)
  2 scorpions
  A giant frog zombie (D:5)
  A centaur zombie (D:5)
  2 crimson imps (D:6)
  A jelly (D:7)
  3 hounds (D:4)
  4 orc priests
  5 orc wizards
  Jessica (D:2)
  2 iguanas
  3 worker ants
  10 adders
  A shadow imp (D:5)
  4 oozes
  An adder skeleton (D:4)
  2 worms (D:2)
  4 giant geckos
  17 orcs
  5 giant cockroaches
  5 goblins
  9 hobgoblins
  10 jackals
  3 quokkas
  2 ball pythons
  6 bats
  4 giant newts
  A jackal skeleton (D:4)
  10 kobolds
  A quokka skeleton (D:6)
  8 rats
135 creatures vanquished.

Vanquished Creatures (collateral kills)
  An ogre (D:4)
  An orc priest (D:7)
  An orc wizard (D:7)
  2 orcs (D:7)
5 creatures vanquished.

Vanquished Creatures (others)
  An adder (D:4)
1 creature vanquished.

Grand Total: 141 creatures vanquished

Notes
Turn   | Place    | Note
--------------------------------------------------------------
     0 | D:1      | M4edhros the Octopode Artificer began the quest for the Orb.
     0 | D:1      | Reached XP level 1. HP: 13/13 MP: 3/3
   244 | D:2      | Reached XP level 2. HP: 16/18 MP: 4/4
   491 | D:2      | Noticed Sigmund
   574 | D:3      | Reached XP level 3. HP: 19/23 MP: 5/5
  1293 | D:4      | Found a burning altar of Makhleb.
  1304 | D:4      | Reached skill level 4 in Evocations
  1304 | D:4      | Reached XP level 4. HP: 18/28 MP: 5/7
  1392 | D:4      | Noticed an ogre
  1416 | D:4      | Killed an ogre
  1416 | D:4      | Reached XP level 5. HP: 7/33 MP: 8/8
  2194 | D:4      | Reached skill level 5 in Stealth
  2514 | D:5      | Entered Level 5 of the Dungeon
  2517 | D:5      | Reached XP level 6. HP: 38/38 MP: 9/9
  3243 | D:5      | Found a staircase to the Ecumenical Temple.
  3266 | Temple   | Entered the Ecumenical Temple
  3378 | Temple   | Became a worshipper of Xom of Many Doors
  3543 | D:5      | XOM: silly message
  3547 | D:5      | XOM: potion effect (invisibility)
  3668 | D:5      | Reached skill level 6 in Stealth
  3675 | D:5      | Reached XP level 7. HP: 31/43 MP: 10/10
  3724 | D:5      | Reached skill level 5 in Evocations
  3807 | D:6      | XOM: potion effect (berserk rage)
  3815 | D:6      | Reached skill level 5 in Dodging
  3899 | D:6      | XOM: potion effect (brilliance)
  3901 | D:6      | XOM: potion effect (berserk rage)
  3902 | D:6      | Reached skill level 7 in Stealth
  3927 | D:6      | XOM: potion effect (agility)
  4272 | D:6      | XOM: mild Hex miscast
  4331 | D:7      | XOM: confuse monster(s)
  4359 | D:7      | Reached XP level 8. HP: 22/48 MP: 12/12
  4431 | D:7      | XOM: divination: detect creatures
  4450 | D:7      | XOM: divination: detect items
  4456 | D:7      | XOM: cast spell 'Call Canine Familiar'
  4468 | D:7      | XOM: cast spell 'Summon Small Mammal'
  4471 | D:7      | Reached skill level 8 in Stealth
  4563 | D:7      | XOM: cast spell 'Summon Butterflies'
  4679 | D:7      | XOM: harmless Hex miscast
  4687 | D:7      | Reached skill level 9 in Stealth
  4732 | D:7      | XOM: vitrification
  5051 | D:8      | XOM: scenery: 1 doors open
  5075 | D:8      | Found a staircase to the Lair.
  5149 | D:8      | XOM: vitrification
  5165 | D:8      | XOM: mild Air miscast
  5305 | D:8      | Found Kiusem's Book Shoppe.
  5553 | D:3      | Found a faded altar to an unknown god.
  5761 | D:3      | XOM: silly message
  5787 | D:3      | XOM: vitrification
  5989 | D:2      | Killed Sigmund
  5989 | D:2      | Reached skill level 10 in Stealth
  5989 | D:2      | Reached XP level 9. HP: 53/53 MP: 13/13
  6251 | D:2      | Noticed Jessica
  6260 | D:2      | Killed Jessica
  6895 | D:1      | XOM: stat loss: -1 Dex (11/12)
  7172 | D:8      | Mangled by an orc warrior

Vault maps used:
D:1:      co_arrival_square_in_a_square_in_a_square,
          minmay_misc_feat_secret_circle, roderic_roman_lattice
D:2:      first_bread, st_stairs_14, uniq_jessica, uniq_sigmund
D:3:      ecumenical_altar_2, hangedman_decor_points, corexii_shack, st_stairs_6
D:4:      makhleb_heckhound_becter
D:5:      minmay_temple_entry_nine_rooms, serial_bayou_pond_b
D:8:      dpeg_oklobed_lair, serial_shops, shop
Temple:   eino_temple_water_12

Action                   |  1- 3 |  4- 6 |  7- 9 || total
-------------------------+-------+-------+-------++-------
Melee: Short sword       |    88 |    65 |     7 ||   160
       Morningstar       |       |       |    78 ||    78
       Dagger            |       |       |    83 ||    83
Evoke: Wand              |       |     3 |    12 ||    15
  Use: Potion            |       |       |     4 ||     4
 Stab: Sleeping          |     4 |    10 |    21 ||    35
       Distracted        |       |     3 |     2 ||     5
       Invisible         |       |     1 |       ||     1
  Eat: Chunk             |       |     5 |     2 ||     7
       Beef jerky        |       |     1 |       ||     1
       Meat ration       |       |     1 |     2 ||     3
